 Dungeon Crawl Stone Soup version 0.31-a0-188-g5e087ee2ca (webtiles) character file.

Game seed: 18049281365036447262

84 qw the Shooter (level 4, 0/25 HPs)
             Began as a Deep Elf Hunter on June 22, 2023.
             Killed from afar by Sigmund (3 damage)
             ... with a puff of flame
             ... on level 2 of the Dungeon.
             The game lasted 00:00:29 (1385 turns).

qw the Shooter (Deep Elf Hunter)                    Turns: 1385, Time: 00:00:29

Health: 0/25       AC:  3    Str: 10    XL:     4   Next: 24%
Magic:  6/6        EV: 12    Int: 14    God:
Gold:   57         SH:  0    Dex: 18    Spells: 3/3 levels left

rFire   . . .        Y - +0 shortbow (flame)
rCold   . . .        (shield currently unavailable)
rNeg    + . .        c - +0 leather armour
rPois   .            (no helmet)
rElec   .            (no cloak)
rCorr   .            (no gloves)
SInv    .            (no boots)
Will    .....        (no amulet)
Stlth   ++           f - ring of positive energy
HPRegen 0.24/turn    (no ring)
MPRegen 0.10/turn

%: no passive effects
@: no status effects
A: no striking features
a: no special abilities


You were on level 2 of the Dungeon.
You visited 1 branch of the dungeon, and saw 2 of its levels.

You collected 86 gold pieces.
You spent 29 gold pieces at shops.


   Skills:
 - Level 1.5 Fighting
 + Level 7.7 Ranged Weapons
 - Level 2.4 Dodging
 - Level 1.2 Stealth


You had 3 spell levels left.
You didn't know any spells.
Your spell library was empty.

Inventory:

Hand Weapons
 Y - a +0 shortbow of flaming (weapon)
Armour
 c - a +0 leather armour (worn)
Jewellery
 e - a +5 ring of evasion
 f - a ring of positive energy (left hand)
Scrolls
 a - 4 scrolls of identify
 d - a scroll of revelation {unknown}
Potions
 b - a potion of heal wounds {unknown}
 g - a potion of brilliance {unknown}
 i - a potion of resistance {unknown}

Dungeon Overview and Level Annotations

Branches:
Dungeon (2/15)

Altars:

Shops:
D:1 (*?

Annotations:
D:2 Sigmund


Message History

You see here a +0 great mace.
As you open the door, it creaks loudly!
Sigmund and a frilled lizard come into view.
Sigmund is wielding a +0 scythe and wearing a +2 robe of positive energy.
Sigmund shouts!
The frilled lizard hisses angrily.
Sigmund drinks a potion.
Sigmund seems to grow stronger.
Enter note:
Enter note:
Enter note:
Enter note:
Enter note:
Enter note: You shoot an arrow.
The arrow hits Sigmund.
The arrow burns Sigmund.
Sigmund is lightly wounded.
A quokka comes into view.
Sigmund casts a spell at you. You resist with some effort.
The quokka moves out of view.
You shoot an arrow. The arrow hits Sigmund.
The arrow burns Sigmund.
Sigmund is moderately wounded.
Sigmund hits you from afar with a +0 scythe!
You shoot an arrow. The arrow hits Sigmund.
The arrow burns Sigmund.
Sigmund is heavily wounded.
You shoot an arrow.
The arrow barely misses the frilled lizard.
The arrow barely misses Sigmund.
Sigmund hits you from afar with a +0 scythe!
Ouch! That really hurt!
The frilled lizard bites you but does no damage.
You shoot an arrow. The arrow hits the frilled lizard.
The arrow burns the frilled lizard.
You kill the frilled lizard!
Sigmund mumbles some strange words.
Sigmund flickers and vanishes!
Deactivating autopickup; reactivate with Ctrl-A.
You shoot an arrow. The arrow hits the quokka!
The arrow burns the quokka.
You kill the quokka!
You hear some strange, mumbled words.
A puff of flame appears from out of thin air!
The puff of flame hits you.
You die...

#.# #..... #.#
#.#### #.# #.....
#.# ## ###### #.#
..# #.# ...# #.#
....#
#.#########.....#
#........@%{....#
###########.....#
....# ...# ..# .#
#


There were no monsters in sight!

Vanquished Creatures
  5 adders (D:2)
  A dart slug (D:2)
  5 bats
  5 endoplasms (D:1)
  2 goblins
  6 hobgoblins
  2 quokkas
  A ball python (D:1)
  4 frilled lizards
  5 kobolds
  4 rats
40 creatures vanquished.

Notes
Turn   | Place    | Note
-------+----------+-------------------------------------------
     0 | D:1      | qw the Deep Elf Hunter began the quest for the Orb.
     0 | D:1      | Reached XP level 1. HP: 12/12 MP: 3/3
     0 | D:1      | 0 ||| qw: Version: 0.3-a-9-g12657ce
     0 | D:1      | 0 ||| qw: Game counter: 2927
     0 | D:1      | 0 ||| qw: Always use a shield: true
     0 | D:1      | 0 ||| qw: God list: Okawaru
     0 | D:1      | 0 ||| qw: Allow faded altars: false
     0 | D:1      | 0 ||| qw: Do Orc after D:15 true
     0 | D:1      | 0 ||| qw: Do second Lair branch before Depths: true
     0 | D:1      | 0 ||| qw: Lair rune preference: random
     0 | D:1      | 0 ||| qw: Plans: Normal
     0 | D:1      | 0 ||| PLANNING D:1-11
    75 | D:1      | Found Ocin's Magic Scroll Boutique.
    87 | D:1      | 87 ||| SHOPLISTING scroll of identify (28 gold, have 0).
    87 | D:1      | 87 ||| SHOPLISTING scroll of teleportation (42 gold, have
                  | 0).
   161 | D:1      | Reached XP level 2. HP: 16/16 MP: 4/4
   165 | D:1      | Reached skill level 6 in Ranged Weapons
   319 | D:1      | Found Itziu's Weapon Shop.
   341 | D:1      | Found Ocragaf's Assorted Antiques.
   346 | D:1      | 346 ||| SHOPLISTING 2 scrolls labelled WAOPSE ZIJE (58
                  | gold, have 29).
   346 | D:1      | 346 ||| SHOPLISTING ring mail (116 gold, have 29).
   346 | D:1      | 346 ||| BUYING scroll labelled CEIXZYN ODIER (29 gold).
   346 | D:1      | Bought a scroll labelled CEIXZYN ODIER for 29 gold pieces
   346 | D:1      | 346 ||| SHOPLISTING scroll labelled CEIXZYN ODIER (29 gold,
                  | have 0).
   346 | D:1      | 346 ||| SHOPLISTING scroll labelled FEM YDIOMMOLOK (29
                  | gold, have 0).
   346 | D:1      | 346 ||| SHOPLISTING scroll labelled NUMUNI HIXAPTA (29
                  | gold, have 0).
   346 | D:1      | 346 ||| SHOPLISTING scroll labelled SEORHALOBB (29 gold,
                  | have 0).
   346 | D:1      | 346 ||| SHOPLISTING shiny scale mail (203 gold, have 0).
   346 | D:1      | 346 ||| SHOPLISTING tapered gold wand (116 gold, have 0).
   685 | D:1      | 685 ||| UPGRADING to ring of positive energy.
   686 | D:1      | 686 ||| READING 2 scrolls labelled FEM YDIOMMOLOK.
   687 | D:1      | 687 ||| READING scroll labelled JIBBAN EGAR.
   709 | D:1      | 709 ||| READING scroll labelled CEIXZYN ODIER.
   713 | D:1      | 713 ||| READING scroll labelled JEGHIC UTOY.
   721 | D:1      | 721 ||| DROPPING scroll of butterflies.
   787 | D:2      | Identified the +4 hand axe of Zohopsur {venom, rElec Dex+6}
   846 | D:2      | Reached XP level 3. HP: 20/20 MP: 5/5
   912 | D:2      | Reached skill level 7 in Ranged Weapons
  1176 | D:2      | Reached XP level 4. HP: 25/25 MP: 6/6
  1379 | D:2      | Noticed Sigmund
  1383 | D:2      | HP: 3/25 [Sigmund/+0 scythe (15)]
  1385 | D:2      | Killed from afar by Sigmund

Levels and vault maps discovered:
D:1:      lightli_molten_gateway, layout_loops_ring, serial_shops, shop, shop,
          shop
D:2:      layout_basic, uniq_sigmund

Skill      XL: |  1  2  3 |
---------------+----------+-----
Ranged Weapons | 6 7 |  7.7
Fighting       | |  1.5
Dodging        | |  2.4
Stealth        | |  1.2

Action                     |  1- 3 |  4- 6 || total
---------------------------+-------+-------++-------
   Fire: Shortbow          |    89 |    20 ||   109
    Use: Scroll            |     4 |       ||     4
 Armour: Leather armour    |     5 |     3 ||     8
  Dodge: Dodged            |     9 |     7 ||    16

Table legend:
 A = Non-vault XP
 B = Vault XP
 C = Vault XP percentage of total XP
 D = Non-vault monster count
 E = Vault monster count
 F = Vault count percentage of total count
                 A         B        C        D         E       F
            +---------+---------+-------+---------+---------+-------
      Total |     123 |       0 |   0.0 |      40 |       0 |   0.0
            +---------+---------+-------+---------+---------+-------
        D:1 |      28 |       0 |   0.0 |      18 |       0 |   0.0
        D:2 |      95 |       0 |   0.0 |      22 |       0 |   0.0
            +---------+---------+-------+---------+---------+-------
